Map: Triton LE

Players

DarkStar - Winner!

  • Race: Zerg Zerg
  • Spawn Location: 11:00

FrancoChavez

  • Race: Protoss Protoss
  • Spawn Location: 5:00

VOD

Have the link to the VOD?

Description

Time

  • Played on: Aug. 20, 2019, 1:23 p.m.
  • Length: 11:44
Show
View Real Time Build Order
Export as new Build Order

DarkStar Zerg - Winner!

Build Orders: Hatch First 

Get SALT Encoding   

  12  0:01  Drone  
  13  0:13  Overlord  
  13  0:16  Drone  
  14  0:31  Drone x2  
  16  0:51  Hatchery  
  16  0:54  Drone  
  16  0:56  Drone  
  17  1:02  Drone  
  18  1:04  Extractor  
  17  1:28  Spawning Pool  
  17  1:29  Drone  
  17  1:30  Drone x2  
  19  1:45  Drone  
  20  1:57  Drone  
  21  2:03  Drone  
  21  2:04  Drone  
  23  2:19  Drone  
  24  2:23  Queen x2  
  24  2:26  Metabolic Boost  
  24  2:27  Overlord  
  28  2:41  Hatchery  
  26  2:46  Drone  
  27  2:56  Drone x2  
  29  2:59  Drone  
  30  3:06  Overlord  
  30  3:07  Drone x3  
  30  3:08  Queen  
  35  3:18  Drone  
  35  3:19  Overlord  
  36  3:25  Drone  
  37  3:30  Roach Warren  
  37  3:31  Lair  
  37  3:33  Drone  
  37  3:35  Drone  
  37  3:39  Drone  
  37  3:40  Drone  
  39  3:52  Zergling x4  
  40  4:04  Drone x4  
  42  4:14  Queen  
  42  4:17  Spore Crawler  
  43  4:18  Spore Crawler  
  43  4:21  Roach  
  43  4:22  Roach x3  
  50  4:29  Overlord  
  50  4:36  Roach x3  
  56  4:45  Spore Crawler  
  55  4:49  Drone  
  56  4:56  Roach x3  
  56  4:58  Drone x3  
  65  5:05  Extractor  
  64  5:07  Drone  
  64  5:08  Drone  
  64  5:09  Overlord x3  
  66  5:27  Drone x2  
  66  5:28  Drone x5  
  73  5:30  Roach  
  75  5:36  Extractor  
  75  5:37  Roach x2, Zergling x2  
  75  5:38  Zergling x6  
  82  5:47  Overseer  
  82  5:56  Drone x7  
  88  6:02  Overlord  
  88  6:06  Drone  
  89  6:13  Extractor  
  88  6:23  Drone  
  89  6:26  Overlord x3  
  89  6:32  Overlord x2  
  89  6:40  Zergling x2  
  89  6:42  Hydralisk Den  
  89  6:43  Overlord x4  
  89  6:47  Zergling x14  
  89  6:48  Zergling x4  
  89  6:53  Drone x3  
  101  6:57  Ravager  
  101  6:58  Ravager x4  
  101  6:59  Overlord  
  101  7:00  Overlord  
  106  7:02  Zergling x2  
  98  7:16  Overseer  
  93  7:32  Drone x10  
  88  8:05  Roach  
  88  8:06  Roach x9  
  104  8:18  Hydralisk  
  104  8:19  Hydralisk x2  
  105  8:22  Queen x2  
  105  8:23  Queen  
  111  8:33  Spore Crawler  
  109  8:46  Hatchery, Roach, Extractor  
  109  8:47  Roach x6, Hydralisk  
  101  8:48  Extractor  
  101  8:51  Glial Reconstitution  
  101  8:55  Muscular Augments  
  100  8:56  Lurker Den  
  100  8:59  Evolution Chamber  
  100  9:00  Drone x6  
  104  9:06  Overlord  
  104  9:19  Hydralisk, Evolution Chamber  
  104  9:20  Hydralisk x3  
  104  9:23  Zergling x2  
  112  9:26  Zerg Missile Weapons Level 1  
  112  9:34  Hydralisk  
  112  9:35  Hydralisk x5  
  124  9:42  Drone  
  125  9:47  Zerg Melee Weapons Level 1  
  125  9:48  Overlord x2  
  125  9:49  Zergling x2  
  125  9:50  Zergling x8  
  125  9:52  Drone x2  
  132  9:53  Drone x2  
  132  9:59  Drone x3  
  136  10:16  Ravager, Overseer  
  136  10:17  Overseer  
  136  10:19  Pneumatized Carapace  
  127  10:25  Roach  
  127  10:26  Roach x13  
  136  10:34  Ravager  
  136  10:35  Ravager  
  129  10:37  Ravager  
  129  10:40  Hydralisk  
  129  10:41  Zergling x6  
  127  10:46  Hydralisk x2  
  127  10:47  Zergling x2  
  127  10:48  Zergling x8  
  136  10:56  Spore Crawler, Drone x5  
  136  10:57  Drone x3  
Show
View Real Time Build Order
Export as new Build Order

FrancoChavez Protoss 

Build Orders: 1 Gate Expand 

Get SALT Encoding   

  12  0:01  Probe  
  13  0:13  Probe  
  14  0:20  Pylon  
  14  0:25  Probe  
  15  0:38  Probe  
  15  0:40  Gateway  
  16  0:50  Probe  
  17  1:02  Probe, Assimilator  
  18  1:14  Probe  
  19  1:25  Nexus  
  19  1:35  Cybernetics Core  
  19  1:38  Probe  
  20  1:51  Probe  
  21  2:02  Assimilator, Adept  
  23  2:21  Pylon  
  23  2:33  Adept  
  26  2:37  Probe  
  26  2:38  Probe  
  26  2:42  Robotics Facility  
  27  2:46  Robotics Facility  
  27  2:49  Probe  
  27  2:50  Probe  
  29  2:57  Stalker  
  29  3:01  Probe  
  29  3:02  Probe  
  33  3:13  Probe  
  33  3:14  Probe  
  33  3:16  Twilight Council  
  35  3:21  Probe  
  35  3:22  Probe  
  39  3:27  Zealot  
  39  3:29  Probe  
  39  3:30  Probe, Assimilator  
  39  3:31  Warp Gate  
  39  3:33  Observer  
  41  3:39  Probe  
  41  3:41  Probe  
  40  4:13  Charge  
  40  4:18  Dark Shrine  
  40  4:20  Probe  
  40  4:21  Probe  
  42  4:24  Assimilator  
  42  4:32  Probe  
  42  4:33  Probe  
  42  4:34  Pylon  
  44  4:38  Pylon  
  44  4:44  Probe  
  44  4:45  Probe  
  46  4:52  Pylon  
  46  4:56  Probe  
  46  4:57  Probe  
  48  5:00  Gateway  
  48  5:02  Immortal, Gateway  
  48  5:03  Gateway  
  52  5:10  Gateway x2  
  52  5:13  Forge  
  52  5:16  Shield Battery  
  52  5:19  Shield Battery  
  52  5:20  Pylon  
  52  5:29  Zealot  
  54  5:43  Protoss Ground Weapons Level 1  
  54  5:58  Immortal  
  54  6:01  Pylon  
  58  6:06  Gateway  
  58  6:08  Gateway  
  58  6:11  Dark Templar x3  
  64  6:27  Templar Archives  
  64  6:29  Nexus  
  64  6:30  Pylon  
  64  6:45  Warp Prism  
  66  6:58  Stalker x4  
  66  6:59  Stalker x2  
  78  7:24  Psionic Storm  
  78  7:30  Shield Battery  
  78  7:32  Probe x2, Gateway  
  78  7:33  Gateway  
  78  7:36  Gateway  
  80  7:40  Gateway, Pylon  
  80  7:42  Forge  
  80  7:44  Probe x2, Pylon  
  80  7:48  Zealot x2  
  76  7:56  Probe x2  
  68  8:00  Zealot x4  
  73  8:08  Probe x2  
  56  8:20  High Templar  
  56  8:21  High Templar x2  
  56  8:22  High Templar x2  
  56  8:25  High Templar  
  63  8:27  Archon x2  
  63  8:29  Archon  
  63  8:32  Zealot x2  
  64  8:43  Zealot  
  64  8:45  Protoss Ground Weapons Level 2  
  64  8:46  Protoss Ground Armor Level 1  
  64  8:48  Warp Prism  
  66  8:52  Probe x2  
  70  9:04  Probe x2  
  72  9:17  High Templar x2  
  72  9:20  Zealot  
  72  9:23  Pylon  
  78  9:26  Nexus  
  78  9:28  Pylon  
  78  9:46  Zealot x4  
  78  9:50  High Templar  
  78  9:51  High Templar, Photon Cannon  
  78  9:52  Shield Battery  
  90  10:03  Zealot  
  90  10:04  Zealot x2  
  90  10:06  Stalker  
  88  10:27  Archon  
  66  10:29  Archon  
  66  10:30  Zealot x2  
  66  10:31  Zealot x4  
  52  10:46  Stalker x3  
  52  10:48  Probe  
  55  10:56  Stalker x2  
  59  11:02  Stalker  
  61  11:04  High Templar  
  61  11:05  High Templar  
  63  11:20  Zealot  
Tags
 
Add a new tag
Caveats
  • Supply blocks, unpowered buildings, or Contaminate may cause inaccurate times.
  • Supply counts are checked every 10 seconds.